AoeStats
← xlalox corona

Golden Pit

507216264Analyzed
1v1 RM · 14d ago on Sep 17, 2026· 52m 14s· 2 players
Game mode
Random Map
Map size
Tiny (2 player)
Population
200
Speed
Normal
Resources
Standard
Victory
Conquest
Starting age
Dark Age
Ending age
Imperial Age
RankedLock teamsTeams togetherTeam positionsShared explorationLock speedFull tech treeHidden civsTurbo modeCheats
Victory
Defeat
🇹🇼 Bulgarians · Taiwan
1669
+19
🇲🇽 Dravidians · Mexico
1732
-19
thankyou9527
6:13 Loom
8:57 Feudal Age
13:46 Double-Bit Axe
17:04 Fletching
17:59 Padded Archer Armor
23:55 Castle Age
21:45 Horse Collar
22:49 Scale Mail Armor
22:58 Town Watch
24:01 Elite Skirmisher
27:20 Bodkin Arrow
46:53 Scale Barding Armor
50:44 Bow Saw
xlalox corona
5:43 Loom
8:28 Feudal Age
9:02 Double-Bit Axe
16:11 Fletching
16:59 Padded Archer Armor
22:31 Castle Age
21:23 Horse Collar
23:29 Wheelbarrow
22:49 Gold Mining
22:54 Elite Skirmisher
23:30 Bodkin Arrow
24:29 Leather Archer Armor
Connection lost

Rejoining the realm…

Still unreachable

The connection could not be restored.

Session expired

The server has moved on; the page needs a fresh start.